 Dungeon Crawl Stone Soup version 0.20-a0-214-gb74cb0e (webtiles) character file.

890 Gorice the Bolt Thrower (level 8, -1/73 HPs)
             Began as a Kobold Arcane Marksman on Nov 27, 2016.
             Slain by a killer bee (6 damage)
             ... on level 5 of the Dungeon.
             The game lasted 00:28:40 (5805 turns).

Gorice the Bolt Thrower (Kobold Arcane Marksman)    Turns: 5805, Time: 00:28:42

Health: -1/73      AC: 24    Str: 10    XL:     8   Next: 27%
Magic:  6/9        EV:  3    Int: 14    God:
Gold:   204        SH:  2    Dex: 23    Spells: 8/9 levels left

rFire  . . .     SeeInvis .     b - +0 hand crossbow
rCold  . . .     Gourm    .     (armour currently unavailable)
rNeg   + + +     Faith    .     (shield restricted)
rPois  +         Spirit   .     (helmet currently unavailable)
rElec  .         Reflect  +     (cloak currently unavailable)
rCorr  .         Harm     .     (gloves currently unavailable)
MR     .....     NoTele   +     (boots currently unavailable)
Stlth  +++.......               t - +2 amulet of reflection
                                z - +2 ring of evasion
                                q - +3 ring of dexterity

@: agile, lethally poisoned (-1 -> -6), tree-form
A: carnivore 3
a: no special abilities


You were on level 5 of the Dungeon.
You were full.
You were a tree.
You visited 1 branch of the dungeon, and saw 5 of its levels.

You collected 204 gold pieces.

Inventory:

Hand Weapons
 a - a +1 short sword
 b - a +0 hand crossbow (weapon)
 F - a +0 falchion
Missiles
 d - 31 bolts (quivered)
 I - 2 tomahawks
 Z - 92 stones
Armour
 e - a +0 robe
 g - a +0 ring mail (melded)
 k - a +0 cloak (melded)
Jewellery
 q - a +3 ring of dexterity (left branch)
 t - a +2 amulet of reflection (around neck)
 z - a +2 ring of evasion (right branch)
Wands
 h - a wand of confusion (23/48)
 w - a wand of paralysis (12/24)
Scrolls
 m - 2 scrolls of recharging
 r - 2 scrolls of remove curse
 x - a scroll of amnesia
 y - a scroll of noise {!r}
 G - 2 scrolls of blinking
Potions
 j - a potion of heal wounds {unknown}
 l - 2 potions of berserk rage
 o - a potion of flight {unknown}
 s - a potion of degeneration {unknown}
 u - 2 potions of lignification {!q}
 v - a potion of experience {unknown}
 B - a potion of might {unknown}
 C - a potion of haste {unknown}
 D - 2 potions of mutation {!q}
 E - a potion of curing {unknown}
Books
 c - a book of Debilitation
Comestibles
 f - 4 meat rations {!e}
 n - a slice of pizza
 p - 2 beef jerkies


   Skills:
 + Level 5.2 Fighting
 + Level 6.4 Short Blades
 * Level 6.9 Crossbows
 - Level 2.4 Dodging
 - Level 1.1 Spellcasting
 - Level 3.0 Hexes


You had 8 spell levels left.
You knew the following spells:

 Your Spells              Type           Power        Failure   Level  Hunger
a - Corona                Hex            #......      10%         1    ##.....


Dungeon Overview and Level Annotations

Branches:
Dungeon (5/15)
 Temple: D:4-7

Altars:
Dithmenos
Fedhas
Kikubaaqudgha
The Shining One


Innate Abilities, Weirdness & Mutations

You are small and have problems with some larger weapons.
You are carnivorous and can eat meat at any time.


Message History

You feel sick. You block the killer bee's attack.
Your magical contamination has completely faded away.
Damage: 1 (max 7) Firing (i - inventory. (,) - cycle):
d - 35 bolts (quivered)
Press: ? - help, Shift-Dir - straight line, f/p - killer bee
Aim: a killer bee You shoot a bolt.
The bolt hits the killer bee.
The killer bee is heavily wounded.
The killer bee barely misses you. The killer bee stings you.
* * * LOW HITPOINT WARNING * * *
You are lethally poisoned!
The killer bee poisons you!
The killer bee stings you but does no damage.
Damage: 1 (max 7) Firing (i - inventory. (,) - cycle):
d - 34 bolts (quivered)
Press: ? - help, Shift-Dir - straight line, f/p - killer bee
Aim: a killer bee You shoot a bolt.
The bolt hits the killer bee!
You kill the killer bee!
* * * LOW HITPOINT WARNING * * *
You feel sick.
The killer bee stings you but does no damage.
Firing (i - inventory. (,) - cycle):
d - 33 bolts (quivered)
Press: ? - help, Shift-Dir - straight line, f - giant cockroach, p - killer bee
Aim: a giant cockroach (clinging)
You shoot a bolt. The bolt barely misses the killer bee.
The bolt barely misses the giant cockroach.
* * * LOW HITPOINT WARNING * * *
You feel sick. The killer bee barely misses you.
The killer bee stings you but does no damage. x2
Damage: 1 (max 7) Firing (i - inventory. (,) - cycle):
d - 32 bolts (quivered)
Press: ? - help, Shift-Dir - straight line, f/p - giant cockroach
Aim: a giant cockroach (clinging)
You shoot a bolt. The bolt barely misses the killer bee.
The bolt hits the giant cockroach!
You kill the giant cockroach!
* * * LOW HITPOINT WARNING * * *
You feel sick.
The killer bee stings you but does no damage. x2
Damage: 1 (max 7)
Okay, then.
Okay, then.
It was a potion of agility.
You feel agile all of a sudden.
* * * LOW HITPOINT WARNING * * *
You feel sick.
The killer bee stings you but does no damage.
The killer bee stings you.
You die...

#)#........# ..... #.#
###.#........# . .....
####.## .........##.###.
..... #..y... #####.##.# ...#
#...# .#%#.#.# #...†# #.#
...###..#.##<## #.#..# #.#
.........? #### #.#..#####.##
#.......y. #
#.#.........###().# .yy. ####
#.#..###....♣y((..##..#......
#......#.#####..!.....#.....#
###......# #.#....(.(.#...
#......# #........#...#
#......# #....##.###.#
#......# #.#..# # #. #.......
..#..# #.....###. ###...
#...... ..


You could see a killer bee.

Vanquished Creatures
  A phantom (D:4)
  7 killer bees
  A howler monkey (D:4)
  A crimson imp (D:5)
  An orc priest (D:4)
  Terence (D:2)
  An orc wizard (D:4)
  4 worker ants (D:4)
  2 hound skeletons (D:4)
  10 adders
  An adder skeleton (D:4)
  2 worms (D:2)
  2 dart slugs (D:1)
  4 leopard geckos
  9 orcs
  2 ball pythons (D:2)
  7 giant cockroaches
  7 goblins
  9 hobgoblins
  16 jackals
  A quokka (D:2)
  10 bats
  3 frilled lizards (D:3)
  15 kobolds
  8 rats
125 creatures vanquished.

Vanquished Creatures (others)
  A human (D:4)
1 creature vanquished.

Grand Total: 126 creatures vanquished

Notes
Turn   | Place    | Note
-------+----------+-------------------------------------------
     0 | D:1      | Gorice the Kobold Arcane Marksman began the quest for the Orb.
     0 | D:1      | Reached XP level 1. HP: 12/12 MP: 2/2
   166 | D:1      | Reached skill level 3 in Crossbows
   245 | D:1      | Reached XP level 2. HP: 16/16 MP: 0/3
   679 | D:1      | Reached XP level 3. HP: 20/20 MP: 1/4
   882 | D:1      | Reached skill level 4 in Crossbows
  1140 | D:2      | Reached skill level 2 in Fighting
  1140 | D:2      | Reached XP level 4. HP: 24/26 MP: 2/5
  1167 | D:2      | Reached skill level 1 in Short Blades
  1464 | D:2      | Noticed Terence
  1477 | D:2      | Killed Terence
  1952 | D:2      | Reached skill level 2 in Short Blades
  1952 | D:2      | Reached XP level 5. HP: 29/31 MP: 3/6
  2519 | D:3      | Reached skill level 3 in Short Blades
  2873 | D:3      | Reached skill level 5 in Crossbows
  3038 | D:4      | Reached skill level 3 in Fighting
  3038 | D:4      | Reached XP level 6. HP: 20/37 MP: 2/7
  3046 | D:4      | HP: 11/37 [poisoned by a worker ant]
  3051 | D:4      | HP: 9/37 [poisoned by a worker ant]
  3056 | D:4      | HP: 7/37 [poisoned by a worker ant]
  3063 | D:4      | HP: 6/37 [poisoned by a worker ant]
  3071 | D:4      | HP: 5/37 [poisoned by a worker ant]
  3671 | D:4      | Reached skill level 4 in Short Blades
  3686 | D:4      | Noticed a phantom
  3745 | D:4      | Killed a phantom
  3745 | D:4      | Reached XP level 7. HP: 20/42 MP: 8/8
  3811 | D:4      | Reached skill level 4 in Fighting
  4270 | D:4      | Reached skill level 6 in Crossbows
  4325 | D:4      | Reached skill level 5 in Short Blades
  4581 | D:4      | Found an ancient bone altar of Kikubaaqudgha.
  4587 | D:4      | Noticed a human
  4588 | D:4      | Killed a human
  4676 | D:4      | Found a glowing golden altar of the Shining One.
  4683 | D:4      | Found a blossoming altar of Fedhas.
  4688 | D:4      | Found a shadowy altar of Dithmenos.
  4883 | D:5      | Entered Level 5 of the Dungeon
  4966 | D:4      | HP: 12/44 [killer bee (2)]
  4972 | D:4      | HP: 9/66 [poisoned by a killer bee]
  4978 | D:4      | HP: 5/44 [poisoned by a killer bee]
  4983 | D:4      | HP: 5/44 [poisoned by a killer bee]
  5408 | D:5      | HP: 13/44 [poisoned by a killer bee]
  5413 | D:5      | HP: 10/44 [poisoned by a killer bee]
  5418 | D:4      | HP: 7/44 [poisoned by a killer bee]
  5424 | D:4      | HP: 6/44 [poisoned by a killer bee]
  5432 | D:4      | HP: 5/44 [poisoned by a killer bee]
  5746 | D:5      | Reached skill level 6 in Short Blades
  5746 | D:5      | Reached XP level 8. HP: 47/48 MP: 5/9
  5781 | D:5      | Reached skill level 5 in Fighting
  5792 | D:5      | HP: 19/73 [killer bee (4)]
  5797 | D:5      | HP: 14/73 [poisoned by a killer bee]
  5802 | D:5      | HP: 8/73 [poisoned by a killer bee]
  5805 | D:5      | Slain by a killer bee

Vault maps used:
D:1:      saegor_arrival_simple_f, serial_park_tiny_1, feat_on_display
D:2:      kennysheep_six_static_rooms, uniq_terence
D:3:      first_bread, kennysheep_generic_room_7
D:4:      minitemple, serial_forest, infiniplex_forest_lined_room_3,
          infiniplex_forest_straight_1, infiniplex_forest_straight_1,
          infiniplex_forest_lined_3, infiniplex_forest_end_1,
          infiniplex_forest_clump_medium, infiniplex_forest_clump_curved,
          infiniplex_forest_clump_double, infiniplex_forest_end_2,
          minmay_misc_feat_square, grunt_ministairs_3, tgw_kikubaaqudgha

Skill      XL: |  1  2  3  4  5  6  7  8 |
---------------+-------------------------+-----
Crossbows      | 3 4 5 6 |  6.9
Fighting       | 2 3 4 5 |  5.2
Short Blades   | 2 3 4 6 |  6.4
Dodging        | |  2.4
Spellcasting   | |  1.1
Hexes          | |  3.0

Action                   |  1- 3 |  4- 6 |  7- 9 || total
-------------------------+-------+-------+-------++-------
Melee: Short sword       |     5 |   227 |   175 ||   407
       Dagger            |       |    87 |       ||    87
 Fire: Hand crossbow     |    77 |    27 |    42 ||   146
Throw: Tomahawk          |       |       |     2 ||     2
 Cast: Corona            |    34 |    60 |    34 ||   128
  Use: Scroll            |     3 |     7 |     4 ||    14
       Potion            |       |       |     3 ||     3
  Eat: Chunk             |    10 |    12 |     6 ||    28
Armor: Ring mail         |    19 |   101 |    65 ||   185
       Robe              |     1 |       |       ||     1
       Skin              |       |       |    24 ||    24
Dodge: Dodged            |    28 |   285 |   161 ||   474
Block: Other             |       |    17 |    24 ||    41
       Reflection        |       |     1 |       ||     1

Table legend:
 A = Turns spent in this place as a percentage of turns spent in the entire game.
 B = Non-inter-level travel turns spent in this place as a percentage of non-inter-level travel turns spent in the entire game.
 C = Inter-level travel turns spent in this place as a percentage of turns spent in this place.
 D = Turns resting spent in this place as a percentage of non-inter-level travel turns spent in this place.
 E = Turns spent auto-exploring this place as a percentage of non-inter-level travel turns spent in this place.
 F = Non-inter-level travel turns spent in this place divided by the number of levels of this place that you've seen.
                   A       B       C       D       E      F
               +-------+-------+-------+-------+-------+----------------------
         Total | 100.0 | 100.0 |   0.5 |   2.3 |   3.7 | 472.4
       Dungeon | 100.0 | 100.0 |   0.5 |   2.3 |   3.7 | 472.4
               +-------+-------+-------+-------+-------+----------------------

Vault maps used:
D:1:      saegor_arrival_simple_f, serial_park_tiny_1, feat_on_display
D:2:      kennysheep_six_static_rooms, uniq_terence
D:3:      first_bread, kennysheep_generic_room_7
D:4:      minitemple, serial_forest, infiniplex_forest_lined_room_3,
          infiniplex_forest_straight_1, infiniplex_forest_straight_1,
          infiniplex_forest_lined_3, infiniplex_forest_end_1,
          infiniplex_forest_clump_medium, infiniplex_forest_clump_curved,
          infiniplex_forest_clump_double, infiniplex_forest_end_2,
          minmay_misc_feat_square, grunt_ministairs_3, tgw_kikubaaqudgha
